 Dungeon Crawl Stone Soup version 0.20.1-1-g8b1a95d (webtiles) character file.

2198 Mitsuki the Digger (level 9, -3/49 HPs)
             Began as a Gargoyle Earth Elementalist on Oct 3, 2017.
             Was a Believer of Vehumet.
             Slain by a two-headed ogre
             ... wielding a +0 dire flail
              (14 damage)
             ... on level 7 of the Dungeon.
             The game lasted 00:32:33 (9824 turns).

Mitsuki the Digger (Gargoyle Earth Elementalist)    Turns: 9824, Time: 00:32:33

Health: -3/49      AC:  8    Str: 12    XL:     9   Next: 34%
Magic:  0/5        EV: 12    Int: 19    God:    Vehumet [**....]
Gold:   505        SH:  0    Dex: 10    Spells: 9/18 levels left

rFire    + + .     SeeInvis .   a - +10 scimitar of the Illusory Scars {antimagic, *Noise rF+ rC+++}
rCold    + + .     Gourm    .   (no shield)
rNeg     + . .     Faith    .   c - +1 robe
rPois    ∞         Spirit   .   (no helmet)
rElec    +         Reflect  .   (no cloak)
rCorr    .         Harm     .   (no gloves)
MR       .....                  (no boots)
Stlth    ++........             (no amulet)
Regen    0.2/turn               s - ring of fire
MPRegen  0.1/turn               (no ring)

@: no status effects
A: negative energy resistance 1, electricity resistance, unbreathing,
petrification resistance, rot immunity, AC +5
a: Renounce Religion


You were on level 7 of the Dungeon.
You worshipped Vehumet.
Vehumet was pleased with you.
You were not hungry.

You visited 2 branches of the dungeon, and saw 9 of its levels.
You also visited: Sewer.

You collected 505 gold pieces.

Inventory:

Hand Weapons
 a - the +10 scimitar of the Illusory Scars (weapon) {antimagic, *Noise rF+ rC+++}
   (You found it on level 7 of the Dungeon)

   It reduces the magical energy of the wielder, and disrupts the spells and
   magical abilities of those hit.
   Natural abilities and divine invocations are not affected.
   It protects you from fire.
   It renders you almost immune to cold.
   It may make noises in combat.
 b - a +0 short sword of speed
 x - a +1 morningstar
Missiles
 r - 262 stones (quivered)
Armour
 c - a +1 robe (worn)
 g - a +0 buckler
Jewellery
 s - a ring of fire (left hand)
Wands
 j - a wand of polymorph (22/24)
 y - a wand of confusion (32/48)
Scrolls
 f - a scroll of fear {unknown}
 i - 2 scrolls of identify
 l - 2 scrolls of magic mapping {unknown}
 m - a scroll of remove curse
 n - 5 scrolls of teleportation
 u - 5 scrolls of amnesia
 z - a scroll of fog {unknown}
 A - a scroll of blinking {unknown}
Potions
 k - a potion of lignification {unknown}
 o - 2 potions of haste
 p - 2 potions of cancellation {unknown}
 q - 7 potions of curing
 v - 2 potions of flight {unknown}
 w - a potion of mutation {unknown}
 D - a potion of might {unknown}
Books
 e - a book of Geomancy

   Spells                             Type                      Level
   a - Sandblast                      Earth                        1
   b - Passwall                       Transmutation/Earth          2
   c - Stone Arrow                    Conjuration/Earth            3
   d - Petrify                        Transmutation/Earth          4
   e - Lee's Rapid Deconstruction     Earth                        5
Comestibles
 d - 6 bread rations
 h - 3 fruits
 t - 5 royal jellies
 B - 3 chunks of flesh
 C - a meat ration


   Skills:
 + Level 2.9 Fighting
 + Level 2.6 Maces & Flails
 + Level 2.9 Armour
 + Level 3.0 Dodging
 - Level 2.1 Stealth
 + Level 3.4 Shields
 + Level 5.3 Spellcasting
 + Level 5.8 Conjurations
   Level 0.7 Transmutations
 + Level 7.3 Earth Magic
 + Level 2.5 Evocations


You had 9 spell levels left.
You knew the following spells:

 Your Spells              Type           Power        Failure   Level  Hunger
a - Sandblast             Erth           ####..       1%          1    None
b - Stone Arrow           Conj/Erth      ####..       2%          3    ##.....
c - Lee's Rapid Deconstr  Erth           ####......   16%         5    #####..


Dungeon Overview and Level Annotations

Branches:
Dungeon (8/15)             Temple (1/1) D:4
   Lair: D:8-11

Altars:
Ashenzari
Cheibriados
Dithmenos
Elyvilon
Fedhas
Gozag
Hepliaklqana
Kikubaaqudgha
Makhleb
Nemelex Xobeh
Okawaru
Qazlal
Ru
Sif Muna
Trog
Uskayaw
Vehumet
Xom
Yredelemnul
Zin
The Shining One


Innate Abilities, Weirdness & Mutations

You are resistant to torment.
Your stone body is resilient. (AC +5)
You are immune to poison.
You resist negative energy. (rN+)
You are resistant to electric shocks. (rElec)
You can survive without breathing.
You are immune to petrification.
You are immune to rotting.


Message History

* * * LOW HITPOINT WARNING * * *
Casting: Sandblast
Confirm with . or Enter, or press ? or * to list all spells.
Aiming: Sandblast
Press: ? - help, Shift-Dir - straight line, f/p - two-headed ogre
Aim: a two-headed ogre, wielding a dire flail and a giant spiked club (heavily wounded)
The blast of sand hits the two-headed ogre.
The two-headed ogre is severely wounded.
r - 263 stones The two-headed ogre closely misses you.
The two-headed ogre barely misses you.
Casting: Sandblast
Confirm with . or Enter, or press ? or * to list all spells.
Aiming: Sandblast
Press: ? - help, Shift-Dir - straight line, f/p - two-headed ogre
Aim: a two-headed ogre, wielding a dire flail and a giant spiked club (severely wounded)
The blast of sand hits the two-headed ogre.
The two-headed ogre is almost dead.
r - 262 stones The two-headed ogre hits you with a dire flail!
You die...

######...........###.#...........
....................>###.#.####.#
######.######......### #........#
#.# ##.#.#.## #####.#### #.#
###......# #.# #.# ###........#
#.# ##.###..........# #.#
#####...##.#.#.#.#.#########.#
......#........#@#...........#
###.#....#.#.#o#O#.###########
###.........>...o..#
.....###.....).##### .....#
#####.#<# .##..# #.#.# ###..#
#.#.# #..#######.#.#
#............#


You could see a two-headed ogre and an orc.

Vanquished Creatures
  Grinder (D:6)
  Purgy (Sewer)
  An orc warrior (D:6)
  A sky beast (D:5)
  A necrophage (D:7)
  2 ogres (D:5)
  A centaur (D:6)
  3 bullfrogs
  A scorpion (D:5)
  3 wights (D:7)
  A howler monkey (D:7)
  4 crimson imps
  2 centaur zombies (D:7)
  4 orc priests
  4 hounds
  2 bullfrog skeletons
  An iguana (D:5)
  5 orc wizards
  4 worker ants
  A howler monkey zombie (D:6)
  4 adders
  2 shadow imps
  An ooze (D:4)
  An adder zombie (D:6)
  7 worms
  2 dart slugs
  6 leopard geckos
  18 orcs
  10 bats
  5 giant cockroaches
  8 goblins
  6 hobgoblins
  28 jackals
  6 kobolds
  A ball python (D:5)
  4 frilled lizards
  A jackal skeleton (D:5)
  8 rats
161 creatures vanquished.

Notes
Turn   | Place    | Note
-------+----------+-------------------------------------------
     0 | D:1      | Mitsuki the Gargoyle Earth Elementalist began the quest for the Orb.
     0 | D:1      | Reached XP level 1. HP: 10/10 MP: 3/3
   367 | D:1      | Reached XP level 2. HP: 15/15 MP: 5/5
   434 | D:1      | Reached skill level 4 in Earth Magic
   778 | D:1      | Reached XP level 3. HP: 19/19 MP: 6/6
   783 | D:1      | Learned a level 3 spell: Stone Arrow
  1821 | D:2      | Reached skill level 1 in Conjurations
  1867 | D:2      | Reached XP level 4. HP: 22/24 MP: 8/8
  2551 | D:3      | Reached skill level 5 in Earth Magic
  2674 | D:3      | Reached XP level 5. HP: 17/28 MP: 9/9
  3201 | D:3      | Found a stormy altar of Qazlal.
  4149 | D:4      | Found a staircase to the Ecumenical Temple.
  4158 | Temple   | Entered the Ecumenical Temple
  4260 | Temple   | Became a worshipper of Vehumet
  4283 | D:4      | Learned a level 5 spell: Lee's Rapid Deconstruction
  4469 | D:4      | Reached XP level 6. HP: 29/32 MP: 11/11
  4998 | D:5      | Entered Level 5 of the Dungeon
  5159 | D:5      | Reached skill level 6 in Earth Magic
  5172 | D:5      | Found a glowing drain.
  5181 | Sewer    | Entered a sewer
  5277 | Sewer    | Noticed Purgy
  5296 | Sewer    | Killed Purgy
  5296 | Sewer    | Reached XP level 7. HP: 12/36 MP: 6/13
  5742 | D:5      | Reached * piety under Vehumet
  5742 | D:5      | Offered knowledge of Magic Dart by Vehumet.
  6038 | D:5      | Reached skill level 1 in Shields
  6038 | D:5      | Reached skill level 1 in Evocations
  6212 | D:5      | Reached skill level 1 in Fighting
  6212 | D:5      | Reached skill level 1 in Armour
  6429 | D:5      | Reached XP level 8. HP: 29/43 MP: 14/14
  6541 | D:5      | Reached skill level 1 in Maces & Flails
  6846 | D:6      | Noticed Grinder
  7586 | D:6      | Reached skill level 5 in Conjurations
  7686 | D:6      | Killed Grinder
  7686 | D:6      | Reached skill level 7 in Earth Magic
  8199 | D:7      | Reached skill level 5 in Spellcasting
  8364 | D:7      | Reached XP level 9. HP: 42/49 MP: 16/16
  8453 | D:7      | Offered knowledge of Throw Frost by Vehumet.
  8630 | D:7      | Reached ** piety under Vehumet
  8710 | D:7      | HP: 2/49 [orc warrior/morningstar (19)]
  9119 | D:7      | Got an ebony scimitar
  9135 | D:7      | Identified the +10 scimitar of the Illusory Scars {antimagic, *Noise rF+ rC+++} (You found it on level 7 of the Dungeon)
  9811 | D:8      | Noticed a two-headed ogre
  9824 | D:7      | Slain by a two-headed ogre

Skill      XL: |  1  2  3  4  5  6  7  8  9 |
---------------+----------------------------+-----
Earth Magic    | 4 5 6 7 |  7.3
Conjurations   | 1 2 4 5 |  5.8
Spellcasting   | 3 4 5 |  5.3
Shields        | 1 3 |  3.4
Evocations     | 1 2 |  2.5
Fighting       | 1 2 |  2.9
Armour         | 1 2 |  2.9
Maces & Flails | 2 |  2.6
Dodging        | 2 3 |  3.0
Stealth        | |  2.1
Transmutations | |  0.7

Action                   |  1- 3 |  4- 6 |  7- 9 || total
-------------------------+-------+-------+-------++-------
Melee: Spear             |   143 |    55 |       ||   198
       Unarmed           |     5 |       |       ||     5
       Morningstar       |       |   124 |   249 ||   373
       Short sword       |       |    68 |       ||    68
       Scimitar          |       |       |    25 ||    25
 Cast: Sandblast         |    10 |    29 |    45 ||    84
       Stone Arrow       |       |       |     7 ||     7
  Use: Scroll            |       |     8 |     2 ||    10
       Potion            |       |       |     1 ||     1
 Stab: Sleeping          |     9 |     5 |     3 ||    17
  Eat: Chunk             |     1 |     4 |    15 ||    20
       Meat ration       |     1 |     1 |       ||     2
Armor: Robe              |    24 |   134 |   128 ||   286
Dodge: Dodged            |    61 |   202 |   235 ||   498
       Rpst.: Scimitar   |       |       |     6 ||     6
